 Dungeon Crawl Stone Soup version 0.18.1-1-g2f07953 (webtiles) character file.

6328 DarthKuruptios the Thaumaturge (level 10, -1/53 HPs)
             Began as a Gargoyle Earth Elementalist on Aug 12, 2016.
             Was an Elder of Sif Muna.
             Slain by an orc warrior
             ... wielding a +0 halberd
              (16 damage)
             ... in a bailey on Aug 13, 2016.
             The game lasted 01:25:31 (11607 turns).

DarthKuruptios the Thaumaturge (GrEE)              Turns: 11607, Time: 01:25:32

Health: -1/53      AC: 10    Str: 12    XL:     10   Next: 95%
Magic:  4/24       EV: 12    Int: 19    God:    Sif Muna [****..]
Gold:   728        SH:  0    Dex: 10    Spells: 4 memorised, 15 levels left

rFire  . . .     SeeInvis .     b - 69 stones
rCold  . . .     Gourm    .     a - +0 robe
rNeg   + . .     Faith    .     (no shield)
rPois  ∞         Spirit   .     (helmet restricted)
rElec  +         Dismiss  .     (no cloak)
rCorr  .         Reflect  .     (no gloves)
SustAt .         Harm     .     q - +0 pair of boots
MR     +....                    i - amulet of regeneration
Stlth  ++........               (no ring)
                                z - ring of protection from magic

@: somewhat resistant to hostile enchantments, unstealthy
A: beak, negative energy resistance 1, electricity resistance, unbreathing,
petrification resistance, rot immunity, AC +7
a: Channel Energy, Forget Spell, Renounce Religion


You were in a bailey.
You worshipped Sif Muna.
Sif Muna was greatly pleased with you.
You were not hungry.

You visited 2 branches of the dungeon, and saw 9 of its levels.
You also visited: Bailey.

You collected 728 gold pieces.

Inventory:

Missiles
 b - 69 stones (in hand)
Armour
 a - a +0 robe (worn)
 q - a +0 pair of boots (worn)
Jewellery
 i - an amulet of regeneration (around neck)
 y - an uncursed amulet of the gourmand
 z - a ring of protection from magic (left hand)
Wands
 f - a wand of iceblast (12/15)
 n - a wand of enslavement (16/24)
 o - a wand of paralysis (6/24)
 t - a wand of random effects (34/48)
 A - a wand of polymorph (15/24)
 F - a wand of flame (30/48)
Scrolls
 e - 2 scrolls of fog
 m - a scroll of identify
 v - 2 scrolls of remove curse
 w - a scroll of teleportation
 E - a scroll of vulnerability {unknown}
Potions
 g - 3 potions of cancellation
 k - 2 potions of brilliance
 l - 3 potions of mutation
 p - 2 potions of flight
 r - 2 potions of lignification
 s - a potion of invisibility {unknown}
 B - 2 potions of agility {unknown}
Books
 c - a book of Geomancy

   Spells                             Type                      Level
   a - Sandblast                      Earth                        1
   b - Passwall                       Transmutation/Earth          2
   c - Stone Arrow                    Conjuration/Earth            3
   d - Petrify                        Transmutation/Earth          4
   e - Lee's Rapid Deconstruction     Earth                        5
 x - a book of Air

   Spells                             Type                      Level
   a - Shock                          Conjuration/Air              1
   b - Swiftness                      Charms/Air                   2
   c - Repel Missiles                 Charms/Air                   2
   d - Static Discharge               Conjuration/Air              3
   e - Lightning Bolt                 Conjuration/Air              5
Comestibles
 d - 7 bread rations
 D - 6 slices of pizza


   Skills:
 + Level 1.9 Fighting
 + Level 3.3 Dodging
 + Level 3.1 Stealth
 * Level 10.1 Spellcasting
 * Level 5.0 Conjurations
   Level 0.7 Transmutations
 * Level 3.9 Air Magic
 + Level 9.9 Earth Magic
 * Level 4.4 Invocations


You had 15 spell levels left.
You knew the following spells:

 Your Spells              Type           Power        Failure   Level  Hunger
a - Sandblast             Erth           #####.       1%          1    None
b - Stone Arrow           Conj/Erth      #####.       1%          3    None
c - Lee's Rapid Deconstr  Erth           #####.....   4%          5    #####..
d - Lightning Bolt        Conj/Air       ####......   34%         5    #####..


Dungeon Overview and Level Annotations

Branches:
Dungeon (8/15)             Temple (1/1) D:6            Lair (0/8) D:8

Altars:
Ashenzari
Cheibriados
Dithmenos
Elyvilon
Fedhas
Gozag
Kikubaaqudgha
Makhleb
Nemelex Xobeh
Okawaru
Pakellas
Ru
Sif Muna
Trog
Vehumet
Xom
Yredelemnul
Zin

Shops:
D:7 [


Innate Abilities, Weirdness & Mutations

You are resistant to torment.
Your stone body is resilient (AC +7).
You are immune to poison.
You resist negative energy.
You are resistant to electric shocks.
You can survive without breathing.
You are immune to petrification.
You are immune to rotting.
You have a beak for a mouth.


Message History

Confirm with . or Enter, or press ? or * to list all spells.
Aiming: Sandblast
Press: ? - help, Shift-Dir - straight line, f/p - orc warrior
Aim: an orc warrior, wielding a halberd and wearing a brightly glowing chain mail (moderately wounded)
The rocky blast hits the orc warrior.
The orc warrior is moderately wounded.
The orc warrior hits you from afar with a halberd!
* * * LOW HITPOINT WARNING * * *
Drink which item? (? for menu, Esc to quit)
Okay, then.
You see here 4 bolts.
Okay, then.
Casting: Sandblast
Confirm with . or Enter, or press ? or * to list all spells.
You don't have enough magic to cast that spell.
You fail to use your ability.
The orc warrior hits you from afar with a halberd.
* * * LOW HITPOINT WARNING * * *
The orc warrior hits you from afar with a halberd!
You die...

### ###
##.###########∩#########
#...##.@...##((.##.....#
#)..#..≈≈≈..#.((#..≈≈≈..
#)..#o≈≈)≈≈.)(()..≈≈.≈≈.
#...'.≈).)≈.(..((.≈)..≈)
#...#.≈≈.≈≈...)(..≈≈)≈≈(
#)..#..≈≈≈..#...#..≈≈≈..
#...##.....##...##.....#
##.###########∩#########
### ###


You could see an orc warrior.

Vanquished Creatures
  The ghost of xyceres the Cleaver, a novice MiBe of Trog (Bailey)
  The ghost of malaphysto the Covert, a novice OpAs of Dithmenos (D:7)
  3 orc knights (Bailey)
  A human (D:7)
  Duvessa (D:7)
  9 orc warriors (Bailey)
  3 sky beasts
  4 centaurs
  4 giant frogs
  2 gnoll sergeants
  Dowan (D:7)
  3 scorpions
  3 wights (D:8)
  5 howler monkeys
  A jelly (D:7)
  2 lava snakes (D:7)
  The ghost of malaphysto the Bolt Thrower, a weakling KoHu (D:3)
  2 crimson imps
  A centaur skeleton (D:6)
  2 hounds
  2 giant frog zombies (D:5)
  2 orc priests (D:7)
  A gnoll shaman (D:7)
  A giant frog skeleton (D:7)
  5 iguanas
  Terence (D:2)
  5 orc wizards
  9 worker ants
  4 sheep (D:7)
  A hound skeleton (D:8)
  2 worker ant zombies
  14 gnolls
  7 adders
  A shadow imp (D:6)
  An ooze (D:2)
  3 worms
  5 dart slugs
  3 giant geckos
  13 orcs
  8 bats
  5 giant cockroaches
  5 goblins
  6 hobgoblins
  8 jackals
  2 quokkas
  2 ball pythons
  A giant cockroach zombie (D:6)
  2 giant gecko skeletons
  5 giant newts
  6 kobolds
  2 rats
182 creatures vanquished.

Notes
Turn   | Place    | Note
--------------------------------------------------------------
     0 | D:1      | DarthKuruptios the Gargoyle Earth Elementalist began the quest for the Orb.
     0 | D:1      | Reached XP level 1. HP: 10/10 MP: 3/3
   455 | D:1      | Reached XP level 2. HP: 15/15 MP: 0/5
   705 | D:1      | You fall through a shaft!
   996 | D:1      | Reached XP level 3. HP: 19/19 MP: 3/6
  1029 | D:1      | Learned a level 3 spell: Stone Arrow
  1444 | D:2      | Found a shadowy altar of Dithmenos.
  1457 | D:2      | Found a white marble altar of Elyvilon.
  1619 | D:2      | Noticed Terence
  1637 | D:2      | Killed Terence
  1637 | D:2      | Reached XP level 4. HP: 24/24 MP: 0/8
  1676 | D:2      | Reached skill level 3 in Spellcasting
  1882 | D:2      | Found a bloodstained altar of Trog.
  1951 | D:2      | Found a blossoming altar of Fedhas.
  2204 | D:2      | Reached skill level 5 in Earth Magic
  2204 | D:2      | Reached XP level 5. HP: 28/28 MP: 4/10
  2259 | D:2      | Learned a level 5 spell: Lee's Rapid Deconstruction
  3103 | D:3      | Found an oddly glowing altar of Pakellas.
  3124 | D:3      | Noticed malaphysto's ghost (weakling KoHu)
  3128 | D:3      | Killed malaphysto's ghost
  3128 | D:3      | Reached skill level 4 in Spellcasting
  3496 | D:4      | Reached XP level 6. HP: 20/33 MP: 4/12
  4078 | D:5      | Entered Level 5 of the Dungeon
  4161 | D:5      | Reached XP level 7. HP: 37/37 MP: 7/14
  4224 | D:5      | Reached skill level 5 in Spellcasting
  4747 | D:5      | Reached skill level 1 in Conjurations
  5274 | D:5      | Gained mutation: You have a beak for a mouth. [potion of beneficial mutation]
  5445 | D:6      | Reached XP level 8. HP: 28/42 MP: 7/16
  5586 | D:6      | Reached skill level 6 in Spellcasting
  5661 | D:6      | Found a staircase to the Ecumenical Temple.
  5672 | Temple   | Entered the Ecumenical Temple
  5903 | Temple   | Became a worshipper of Sif Muna the Loreminder
  6262 | D:6      | Learned a level 5 spell: Lightning Bolt
  6705 | D:7      | Reached skill level 1 in Fighting
  6894 | D:7      | Reached skill level 1 in Air Magic
  7149 | D:7      | Reached * piety under Sif Muna
  7168 | D:6      | Reached skill level 7 in Spellcasting
  7426 | D:7      | Noticed malaphysto's ghost (novice OpAs)
  7909 | D:7      | Killed malaphysto's ghost
  7909 | D:7      | Reached ** piety under Sif Muna
  7909 | D:7      | Reached skill level 1 in Invocations
  7909 | D:7      | Reached XP level 9. HP: 32/47 MP: 0/20
  8184 | D:7      | Found Mannoluf's Armour Emporium.
  8219 | D:7      | Reached skill level 8 in Spellcasting
  8768 | D:7      | Noticed Duvessa
  8770 | D:7      | Killed Duvessa
  8778 | D:7      | Noticed Dowan
  8881 | D:7      | Killed Dowan
  9087 | D:7      | Found a shattered altar of Ashenzari.
  9748 | D:7      | Reached *** piety under Sif Muna
  9986 | D:8      | Reached XP level 10. HP: 52/52 MP: 16/22
  9993 | D:8      | Reached skill level 9 in Spellcasting
 10326 | D:8      | Found a staircase to the Lair.
 10447 | D:8      | Found a flagged portal.
 10497 | Bailey   | Entered a bailey
 10497 | Bailey   | Noticed an orc knight
 10500 | Bailey   | Noticed an orc knight
 10500 | Bailey   | Noticed an orc knight
 10534 | Bailey   | Noticed xyceres's ghost (novice MiBe)
 10568 | Bailey   | Killed xyceres's ghost
 11114 | Bailey   | Killed an orc knight
 11114 | Bailey   | Reached **** piety under Sif Muna
 11131 | Bailey   | Killed an orc knight
 11427 | Bailey   | Killed an orc knight
 11427 | Bailey   | Reached skill level 10 in Spellcasting
 11574 | Bailey   | Reached skill level 5 in Conjurations
 11607 | Bailey   | Slain by an orc warrior

Skill      XL: |  1  2  3  4  5  6  7  8  9 10 |
---------------+-------------------------------+-----
Earth Magic    | 4 5 6 7 8 9 |  9.9
Spellcasting   | 3 4 5 7 8 10 | 10.1
Dodging        | 2 3 |  3.3
Conjurations   | 1 2 3 5 |  5.0
Stealth        | 3 |  3.1
Fighting       | 1 |  1.9
Air Magic      | 2 3 |  3.9
Invocations    | 1 2 4 |  4.4
Transmutations | |  0.7

Action                   |  1- 3 |  4- 6 |  7- 9 | 10-12 || total
-------------------------+-------+-------+-------+-------++-------
Melee: Unarmed           |       |       |     5 |       ||     5
       Peck              |       |       |     1 |       ||     1
 Cast: Sandblast         |    36 |    83 |   152 |    39 ||   310
       Stone Arrow       |     2 |     8 |    73 |    63 ||   146
       Lee's Rapid Decon |       |       |    37 |     8 ||    45
       Lightning Bolt    |       |       |     1 |       ||     1
Invok: Channel Energy    |       |       |     2 |     1 ||     3
  Use: Scroll            |     3 |    10 |     9 |       ||    22
       Potion            |       |       |     1 |     6 ||     7
  Eat: Chunk             |     1 |     5 |    18 |     1 ||    25
       Bread ration      |       |     1 |     3 |       ||     4
       Beef jerky        |       |       |       |     3 ||     3
       Pizza             |       |       |       |     1 ||     1
Armor: Robe              |     8 |    12 |    48 |    22 ||    90
Dodge: Dodged            |    20 |    29 |    98 |    50 ||   197
